 Dungeon Crawl Stone Soup version 0.18.1-50-g88ac8fd (webtiles) character file.

369 negitausen the Slasher (level 6, -13/56 HPs)
             Began as a Minotaur Berserker on Oct 6, 2016.
             Was an Elder of Trog.
             Killed by divine providence
             ... invoked by an orc priest
              (17 damage)
             ... on level 4 of the Dungeon.
             The game lasted 00:18:38 (2481 turns).

negitausen the Slasher (Minotaur Berserker)         Turns: 2481, Time: 00:18:41

Health: -13/56     AC:  8    Str: 21    XL:     6   Next: 41%
Magic:  5/5        EV: 12    Int:  4    God:    Trog [****..]
Gold:   244        SH:  0    Dex: 12    Spells: 0 memorised, 5 levels left

rFire  . . .     SeeInvis .     s - +0 long sword
rCold  . . .     Gourm    .     g - +1 ring mail
rNeg   . . .     Faith    .     (no shield)
rPois  .         Spirit   .     (helmet restricted)
rElec  .         Dismiss  .     f - +0 cloak
rCorr  +         Reflect  .     (no gloves)
SustAt .         Harm     .     (no boots)
MR     .....     Rnd*Tele +     (no amulet)
Stlth  +.........               v - ring of resist corrosion
                                j - ring of teleportation (curse)

@: not resistant to hostile enchantments, very unstealthy
A: retaliatory headbutt, horns 2
a: Berserk, Trog's Hand, Brothers in Arms, Burn Spellbooks, Renounce Religion


You were on level 4 of the Dungeon.
You worshipped Trog.
Trog was greatly pleased with you.
You were very hungry.

You visited 1 branch of the dungeon, and saw 4 of its levels.

You collected 244 gold pieces.

Inventory:

Hand Weapons
 a - a +0 falchion
 e - a +1 vampiric spear
 s - a +0 long sword (weapon)
 w - a +0 hunting sling of flaming
Missiles
 p - 29 arrows
 q - 6 needles of paralysis
 x - 38 stones (quivered)
Armour
 b - a +0 animal skin
 d - a +0 leather armour
 f - a +0 cloak (worn)
 g - a +1 ring mail (worn)
Magical Staves
 y - an uncursed staff of conjuration
Jewellery
 j - a cursed ring of teleportation (left hand)
 v - a ring of resist corrosion (right hand)
Wands
 o - a wand of disintegration (1/24)
Scrolls
 i - a scroll of recharging
 n - 4 scrolls of identify
 u - a scroll of teleportation
Potions
 l - a potion of heal wounds
 r - a potion of agility
 t - a potion of brilliance
Comestibles
 c - 5 bread rations
 h - 4 fruits
 k - 2 beef jerkies
 m - a meat ration


   Skills:
 + Level 5.0 Fighting
 + Level 5.9 Long Blades
 + Level 4.3 Armour
 + Level 4.0 Dodging
 + Level 0.8 Stealth


You had 5 spell levels left.
You didn't know any spells.

Dungeon Overview and Level Annotations

Branches:
Dungeon (4/15)
 Temple: D:4-7

Altars:
Fedhas
Kikubaaqudgha
Pakellas


Innate Abilities, Weirdness & Mutations

You reflexively headbutt those who attack you in melee.
You have a pair of horns on your head.


Message History

Trog accepts your kill.
Trog appreciates your killing of a magic user.
Your Dodging skill increases to level 4!
You slash the orc priest! You headbutt the orc priest.
The orc priest is almost dead.
The orc priest casts a cantrip, but nothing happens.
The orc priest calls upon Beogh to heal the orc priest.
The orc priest is healed somewhat.
You completely miss the orc priest.
The orc priest is severely wounded.
The orc priest completely misses you.
The orc priest calls upon Beogh to heal the orc priest.
The orc priest is healed somewhat.
You closely miss the orc priest. Your headbutt misses the orc priest.
The orc priest is moderately wounded.
The orc priest hits you with a flail.
* * * LOW HITPOINT WARNING * * *
The orc priest mumbles some strange prayers to Beogh against you.
Beogh smites you!
You die...

##########.# .......
... .... .. #.#####.
######.....#+
########...^..#.....
#oo@...'......#.....
#(######......#....<
... #......#.....
..(.. #......#.....
#......
#......#.....
#.....#
#########.... #.....
#.....## (.....
#.....'. #.....##


You could see 2 orc priests.

Vanquished Creatures
  2 orc priests (D:4)
  Jessica (D:3)
  2 orc wizards (D:4)
  Robin (D:3)
  7 adders
  An ooze (D:3)
  2 worms (D:2)
  2 adder skeletons (D:4)
  3 dart slugs
  10 orcs
  A ball python (D:3)
  12 bats
  6 giant cockroaches
  34 goblins
  12 hobgoblins
  6 jackals
  A quokka (D:2)
  2 giant newts (D:1)
  8 kobolds
  6 rats
119 creatures vanquished.

Notes
Turn   | Place    | Note
--------------------------------------------------------------
     0 | D:1      | negitausen the Minotaur Berserker began the quest for the Orb.
     0 | D:1      | Reached XP level 1. HP: 19/19 MP: 0/0
   326 | D:1      | Reached XP level 2. HP: 27/27 MP: 1/1
   741 | D:2      | Found a blossoming altar of Fedhas.
   744 | D:2      | Found an ancient bone altar of Kikubaaqudgha.
   757 | D:2      | Reached XP level 3. HP: 32/33 MP: 2/2
   776 | D:2      | Reached ** piety under Trog
  1171 | D:2      | Reached XP level 4. HP: 35/41 MP: 3/3
  1248 | D:2      | Found an oddly glowing altar of Pakellas.
  1418 | D:3      | Reached skill level 5 in Long Blades
  1598 | D:3      | Noticed Jessica
  1604 | D:3      | Killed Jessica
  1604 | D:3      | Reached XP level 5. HP: 37/47 MP: 4/4
  1752 | D:3      | Reached *** piety under Trog
  1787 | D:3      | Received a gift from Trog
  1820 | D:3      | Noticed Robin
  1831 | D:3      | Killed Robin
  2290 | D:4      | Reached **** piety under Trog
  2324 | D:4      | Reached skill level 5 in Fighting
  2328 | D:4      | Reached XP level 6. HP: 47/56 MP: 5/5
  2481 | D:4      | Killed from afar by an orc priest

Skill      XL: |  1  2  3  4  5  6 |
---------------+-------------------+-----
Long Blades    | 4 5 |  5.9
Fighting       | 4 5 |  5.0
Armour         | 3 4 |  4.3
Dodging        | 3 4 |  4.0
Stealth        | |  0.8

Action                   |  1- 3 |  4- 6 || total
-------------------------+-------+-------++-------
Melee: Falchion          |    84 |    37 ||   121
       Headbutt          |    13 |    21 ||    34
       Long sword        |       |   107 ||   107
       Hunting sling     |       |     1 ||     1
 Fire: Hunting sling     |       |     9 ||     9
Invok: Burn Spellbooks   |       |     1 ||     1
  Use: Scroll            |     5 |     4 ||     9
       Potion            |     6 |     2 ||     8
  Eat: Chunk             |       |     5 ||     5
Armor: Leather armour    |     1 |       ||     1
       Ring mail         |    26 |    85 ||   111
Dodge: Dodged            |    68 |   141 ||   209
